 Dungeon Crawl Stone Soup version 0.24-a0-581-gc0fa660 (webtiles) character file.

Game seed: 18209747886484859940

18204 KarmaPolice the Jinx (level 12, -1/94 HPs)
             Began as a Vampire Assassin on Aug 25, 2019.
             Was an Elder of Makhleb.
             Slain by an orc high priest
             ... wielding a +0 war axe
              (6 damage)
             ... on level 1 of the Orcish Mines.
             The game lasted 01:31:36 (14026 turns).

KarmaPolice the Jinx (Vampire Assassin)            Turns: 14026, Time: 01:31:38

Health: -1/94      AC:  9    Str: 13    XL:     12   Next: 25%
Magic:  18/18      EV: 11    Int: 14    God:    Makhleb [****..]
Gold:   937        SH:  0    Dex: 17    Spells: 15/19 levels left

rFire    . . .     SeeInvis +   j - +3 dagger
rCold    + . .     Gourm    .   (no shield)
rNeg     . . .     Faith    .   W - +0 troll leather armour
rPois    +         Spirit   .   e - +2 hat {MR+}
rElec    .         Reflect  .   c - +0 cloak
rCorr    .         Harm     .   w - +0 pair of gloves
MR       ++...                  X - +0 pair of boots
Stlth    ++++......             z - amulet of regeneration
HPRegen  1.25/turn              C - ring of protection from cold
MPRegen  0.16/turn              L - ring of poison resistance

@: confusing touch, regenerating quickly
A: no food, fangs 3, see invisible, unbreathing
a: Exsanguinate, Minor Destruction, Lesser Servant of Makhleb, Major
Destruction, Renounce Religion


You were on level 1 of the Orcish Mines.
You worshipped Makhleb.
Makhleb was greatly pleased with you.
You were alive.

You visited 4 branches of the dungeon, and saw 16 of its levels.

You collected 937 gold pieces.

Inventory:

Hand Weapons
 j - a +3 dagger (weapon)
 o - a +3 falchion of protection
 v - a +1 war axe of flaming
 N - a +1 whip of venom
Missiles
 d - 24 poisoned darts (quivered)
 k - a curare-tipped dart
 n - 10 silver boomerangs
 r - 2 throwing nets
 E - 14 boomerangs
Armour
 c - a +0 cloak (worn)
 e - a +2 hat of magic resistance (worn)
 w - a +0 pair of gloves (worn)
 O - a +1 robe of cold resistance
 W - a +0 troll leather armour (worn)
 X - a +0 pair of boots (worn)
Jewellery
 m - an uncursed ring of wizardry
 u - an uncursed ring of flight
 z - an amulet of regeneration (around neck)
 B - an uncursed amulet of rage
 C - a ring of protection from cold (left hand)
 H - an uncursed ring of fire
 L - a ring of poison resistance (right hand)
Wands
 q - a wand of flame (31)
 G - a wand of random effects (13)
 P - a wand of polymorph (13)
 T - a wand of paralysis (10)
Scrolls
 a - 5 scrolls of magic mapping
 b - 2 scrolls of random uselessness
 i - 2 scrolls of identify
 l - 6 scrolls of teleportation
 p - 4 scrolls of enchant armour
 s - 3 scrolls of remove curse
 t - 2 scrolls of immolation
 K - a scroll of amnesia
 M - a scroll of fog
 U - a scroll of noise
Potions
 f - 3 potions of cancellation
 g - 4 potions of lignification
 h - 3 potions of magic
 x - 2 potions of flight
 A - 2 potions of berserk rage
 D - a potion of curing
 F - a potion of invisibility
 J - 4 potions of brilliance
 Y - a potion of mutation
Miscellaneous
 R - a phantom mirror


   Skills:
 + Level 8.4 Fighting
 - Level 3.3(6.3) Short Blades
 + Level 7.6(7.9) Long Blades
 + Level 8.0 Throwing
 - Level 1.1 Dodging
 - Level 10.0 Stealth
 + Level 4.2 Spellcasting
 - Level 11.0 Hexes
 - Level 8.0 Evocations


You had 15 spell levels left.
You knew the following spells:

 Your Spells              Type           Power        Failure   Level  Hunger
a - Confusing Touch       Hex            ####..       1%          1    N/A
b - Confuse               Hex            ####....     1%          3    N/A

Your spell library contained the following spells:

 Spells                   Type           Power        Failure   Level  Hunger
 Sandblast                Erth           #.....       24%         1    N/A
 Passwall                 Tmut/Erth      #.......     36%         2    N/A
 Metabolic Englaciation   Hex/Ice        ###.......   56%         5    N/A
 Yara's Violent Unravell  Hex/Tmut       ###.......   56%         5    N/A
 Gell's Gravitas          Tloc           #.........   58%         3    N/A
 Stone Arrow              Conj/Erth      #.....       58%         3    N/A
 Petrify                  Tmut/Erth      #.......     94%         4    N/A
 Lee's Rapid Deconstruct  Erth           #.........   100%        5    N/A

Dungeon Overview and Level Annotations

Branches:
Dungeon (12/15)            Temple (1/1) D:7            Lair (1/6) D:10
    Orc (2/2) D:9
    Elf: Orc:2

Altars:
Ashenzari
Cheibriados
Dithmenos
Elyvilon
Fedhas
Gozag
Hepliaklqana
Kikubaaqudgha
Makhleb
Nemelex Xobeh
Okawaru
Qazlal
Ru
Sif Muna
Trog
Uskayaw
Vehumet
Wu Jian
Xom
Yredelemnul
Zin
The Shining One
Beogh

Shops:
Orc:2 [


Innate Abilities, Weirdness & Mutations

You do not eat.
Your natural rate of healing is unusually fast.
You have razor-sharp teeth.
You have supernaturally acute eyesight. (SInv)
You can survive without breathing.


Message History

Okay, then.
As you read the scroll labeled HUG SANISHRI, it crumbles to dust.
You hear a loud clanging noise!
It was a scroll of noise.
The orc warrior barely misses you. The orc wizard casts a spell at you.
The puff of frost hits you. You resist. The orc high priest barely misses you.
The orc warrior hits you with a +1 hand axe of chopping!
* * * LOW HITPOINT WARNING * * *
x2 The orc barely misses you.
The orc warrior hits you with a +0 long sword!
* * * LOW HITPOINT WARNING * * *
As you read the scroll labeled BOKIWN VEXURI, it crumbles to dust.
It is a scroll of enchant weapon.
Your +2 falchion of protection glows red for a moment.
The orc warrior hits you with a +0 dire flail.
* * * LOW HITPOINT WARNING * * *
The orc wizard points at you and mumbles some strange words.
The puff of flame misses you.
The puff of flame hits the orc warrior.
The orc high priest hits you with a +0 war axe.
You die...

##.......#..##.#.....##
##.....................#
#............##.##....##
##............###..#....#
#..._....................
##.......................
##...........#...##[.....
#...#..ooo....#.##.......
##.....o@).....####......
#......[oo......#....#...
#.........[..#...........
##....##.................
##...#................[.
##..#................))[
#...#..........[....[>[)
##...................[.).
#................#.......


You could see an orc high priest, 3 orc warriors, an orc wizard and an orc.

Vanquished Creatures
  Gastronok (Orc:1)
  2 two-headed ogres
  An unseen horror (D:10)
  Pikel (D:8)
  An orc sorcerer (Orc:1)
  An ugly thing (D:11)
  Maurice (D:8)
  Joseph (D:7)
  2 komodo dragons (D:10)
  A spiny frog (Lair:1)
  A queen bee (D:11)
  5 trolls
  4 blink frogs (Lair:1)
  5 hippogriffs
  Prince Ribbit (D:8)
  A shadow (D:11)
  5 yaks
  A wyvern (D:10)
  2 hungry ghosts
  A steam dragon (D:10)
  3 wargs
  Duvessa (D:4)
  2 slaves (D:8)
  15 orc warriors
  2 ice beasts
  2 sky beasts
  3 phantoms
  A black bear (D:11)
  4 centaurs
  5 ogres
  A crocodile (D:11)
  2 big kobolds
  10 bullfrogs
  A wyvern zombie (D:9)
  Dowan (D:5)
  3 scorpions
  23 killer bees
  A wight (D:7)
  An electric eel (D:11)
  3 howler monkeys
  6 crimson imps
  2 quasits
  3 jellies
  2 hounds (D:8)
  16 orc priests
  Crazy Yiuf (D:5)
  3 centaur skeletons
  3 bullfrog skeletons
  Ijyb (D:3)
  22 orc wizards
  2 worker ants
  2 worker ant zombies
  Robin (D:4)
  9 adders
  6 gnolls
  A howler monkey skeleton (D:11)
  5 shadow imps
  An ooze (D:2)
  2 adder zombies
  A dart slug (D:2)
  4 leopard geckos
  46 orcs
  A ball python (D:3)
  6 giant cockroaches
  15 goblins
  13 hobgoblins
  9 jackals
  7 quokkas
  8 bats
  7 frilled lizards
  A jackal zombie (D:7)
  17 kobolds
  A quokka skeleton (D:4)
  2 quokka zombies
  5 rats
353 creatures vanquished.

Vanquished Creatures (others)
  A shadow (D:8)
  A slave (D:8)
  2 goblins (D:4)
  5 fungi
  21 plants (Lair:1)
30 creatures vanquished.

Grand Total: 383 creatures vanquished

Notes
Turn   | Place    | Note
-------+----------+-------------------------------------------
     0 | D:1      | KarmaPolice the Vampire Assassin began the quest for the
                  | Orb.
     0 | D:1      | Reached XP level 1. HP: 16/16 MP: 1/1
    67 | D:1      | Reached XP level 2. HP: 22/22 MP: 2/2
   306 | D:1      | Reached XP level 3. HP: 27/27 MP: 3/3
   933 | D:1      | Reached XP level 4. HP: 30/34 MP: 4/4
  1676 | D:2      | Reached XP level 5. HP: 38/41 MP: 5/5
  1740 | D:2      | Reached skill level 1 in Long Blades
  2373 | D:3      | Reached skill level 1 in Evocations
  2654 | D:4      | Noticed an ogre
  2738 | D:4      | Noticed Robin
  2929 | D:4      | Killed an ogre
  2929 | D:4      | Reached XP level 6. HP: 47/47 MP: 5/7
  3207 | D:4      | Noticed Ijyb
  3246 | D:3      | Killed Ijyb
  3262 | D:4      | Killed Robin
  3330 | D:4      | Found a shattered altar of Ashenzari.
  3507 | D:5      | Entered Level 5 of the Dungeon
  3659 | D:5      | Learned a level 1 spell: Confusing Touch
  3829 | D:5      | Reached skill level 1 in Hexes
  3829 | D:5      | Reached XP level 7. HP: 47/53 MP: 8/8
  3933 | D:5      | Noticed Dowan
  3940 | D:5      | Noticed Duvessa
  3951 | D:5      | Killed Dowan
  3970 | D:4      | Killed Duvessa
  3970 | D:4      | Reached skill level 2 in Hexes
  4317 | D:5      | Found a runed translucent door.
  4318 | D:5      | Noticed Crazy Yiuf
  4457 | D:5      | Killed Crazy Yiuf
  4681 | D:6      | Reached skill level 3 in Hexes
  4792 | D:6      | Reached XP level 8. HP: 59/60 MP: 10/10
  5066 | D:6      | Reached skill level 4 in Hexes
  5661 | D:7      | Noticed a gargoyle
  5728 | D:7      | Found a staircase to the Ecumenical Temple.
  5740 | Temple   | Entered the Ecumenical Temple
  5854 | Temple   | Became a worshipper of Makhleb the Destroyer
  6047 | D:7      | Reached skill level 5 in Hexes
  6127 | D:7      | Found a burning altar of Makhleb.
  6204 | D:7      | Reached skill level 5 in Long Blades
  6231 | D:7      | Noticed a hippogriff
  6234 | D:7      | Reached skill level 5 in Throwing
  6431 | D:7      | Reached skill level 6 in Hexes
  6437 | D:7      | Learned a level 3 spell: Confuse
  6449 | D:7      | Noticed Joseph
  6486 | D:7      | Killed Joseph
  6486 | D:7      | Reached XP level 9. HP: 33/65 MP: 12/12
  6779 | D:8      | Reached skill level 7 in Hexes
  6779 | D:8      | Reached skill level 5 in Evocations
  6955 | D:8      | Reached * piety under Makhleb
  7126 | D:8      | Noticed Pikel
  7170 | D:8      | Killed Pikel
  7170 | D:8      | Reached skill level 8 in Hexes
  7221 | D:8      | Found a stormy altar of Qazlal.
  7248 | D:8      | Noticed Maurice
  7273 | D:8      | Killed Maurice
  7273 | D:8      | Reached skill level 5 in Fighting
  7547 | D:8      | Noticed Prince Ribbit
  7557 | D:8      | Killed Prince Ribbit
  7557 | D:8      | Reached XP level 10. HP: 67/74 MP: 9/14
  7713 | D:9      | Reached skill level 9 in Hexes
  7884 | D:9      | Reached skill level 1 in Spellcasting
  8222 | D:9      | Reached ** piety under Makhleb
  8293 | D:9      | Found a staircase to the Orcish Mines.
  8427 | D:10     | Entered Level 10 of the Dungeon
  8427 | D:10     | Noticed an unseen horror
  8431 | D:10     | Killed an unseen horror
  8618 | D:10     | Noticed a two-headed ogre
  8851 | D:10     | Killed a two-headed ogre
  9174 | D:10     | Found a staircase to the Lair.
  9489 | Lair:1   | Entered Level 1 of the Lair of Beasts
  9725 | D:10     | Reached XP level 11. HP: 78/83 MP: 14/16
 10308 | D:10     | Reached skill level 10 in Stealth
 10511 | D:11     | Noticed a cyan ugly thing
 10639 | D:10     | Reached *** piety under Makhleb
 11304 | D:11     | Noticed a two-headed ogre
 11373 | D:11     | Killed a two-headed ogre
 11690 | D:11     | Reached **** piety under Makhleb
 11755 | D:11     | Killed a cyan ugly thing
 11755 | D:11     | Reached skill level 10 in Hexes
 12376 | Orc:1    | Entered Level 1 of the Orcish Mines
 12632 | Orc:1    | Found a roughly hewn altar of Beogh.
 12736 | Orc:1    | Noticed Gastronok
 12797 | Orc:1    | Killed Gastronok
 12797 | Orc:1    | Reached XP level 12. HP: 92/92 MP: 18/18
 12922 | Orc:2    | Entered Level 2 of the Orcish Mines
 13023 | Orc:2    | Found Tuoriutz's Antique Armour Emporium.
 13272 | Orc:1    | Paralysed by an orc sorcerer for 2 turns
 13482 | Orc:1    | Reached skill level 11 in Hexes
 13979 | Orc:2    | Noticed an orc warlord
 14022 | Orc:2    | Noticed an orc high priest
 14022 | Orc:2    | Noticed an orc high priest
 14026 | Orc:1    | Slain by an orc high priest

Levels and vault maps discovered:
D:1:      scummos_arrival_star, layout_basic, minmay_hexomino_f4
D:2:      layout_basic, first_ration
D:3:      layout_loops_ring
D:4:      layout_cave_pools, lemuel_doored_altar, st_stairs_11, uniq_ijyb,
          uniq_robin
D:5:      layout_loops_ring, uniq_duvessa, uniq_crazy_yiuf_cottage
D:6:      layout_cave_pods
D:7:      minmay_the_grid_four_pointed_star
          [minmay_the_grid_triangle_9x9_shrine,
          minmay_the_grid_triangle_9x9_corrupted_corridor,
          minmay_the_grid_triangle_9x9_dagger,
          minmay_the_grid_triangle_9x9_empty,
          minmay_the_grid_prize_inner_circle], layout_basic,
          minmay_temple_entry_tees, minmay_splitting_lines, uniq_joseph
D:8:      layout_cave_pools, grunt_qazlal_clouds, uniq_prince_ribbit1,
          uniq_pikel, uniq_maurice
D:9:      layout_long_grid, orc_0_dummy
D:10:     layout_cave_pools, erik_lair_orcish_takeover
D:11:     cheibrodos_helix_gallery, layout_cross, david_nohive_1
D:12:     layout_loops_ring, ebering_ghost_disaster_area, serial_shops,
          shop_fountains, uniq_nergalle
Temple:   regret_index_temple_chain_breaker
Lair:1:   minmay_lair_oklob_tunnel, layout_misc_corridors,
          minmay_lair_oklob_chamber, grunt_megastairs_2
Orc:1:    layout_caves, basic_altar, uniq_gastronok
Orc:2:    grunt_orc_gardens, layout_caves, grunt_orc_garden, grunt_orc_garden,
          grunt_orc_garden, grunt_orc_garden, serial_shops,
          nicolae_shop_statue_plus

Skill      XL: |  1  2  3  4  5  6  7  8  9 10 11 12 |
---------------+-------------------------------------+-----
Stealth        | 6 9 10 | 10.0
Fighting       | 2 3 5 6 8 |  8.4
Throwing       | 2 3 4 5 6 7 8 |  8.0
Short Blades   | 3 |  3.3
Long Blades    | 1 2 3 5 7 |  7.6
Evocations     | 1 2 3 4 6 7 8 |  8.0
Hexes          | 1 3 6 8 9 10 11 | 11.0
Spellcasting   | 3 4 |  4.2
Dodging        | |  1.1

Action                   |  1- 3 |  4- 6 |  7- 9 | 10-12 || total
-------------------------+-------+-------+-------+-------++-------
Melee: Dagger            |   111 |    24 |    13 |    87 ||   235
       Bite              |     7 |    23 |    66 |   154 ||   250
       Falchion          |       |   194 |   438 |   894 ||  1526
Throw: Dart              |     6 |     9 |    32 |   174 ||   221
       Boomerang         |       |       |    18 |    21 ||    39
 Cast: Confusing Touch   |       |       |    21 |   108 ||   129
       Confuse           |       |       |     3 |    56 ||    59
Evoke: Wand              |       |       |       |     7 ||     7
  Use: Scroll            |       |       |    11 |    14 ||    25
       Potion            |       |       |     5 |     2 ||     7
 Stab: Sleeping          |     6 |     8 |    10 |     3 ||    27
       Distracted        |       |     1 |     2 |     2 ||     5
       Confused          |       |       |    26 |    87 ||   113
       Paralysed         |       |       |       |     1 ||     1
Armor: Robe              |    20 |    79 |   186 |    48 ||   333
       Troll leather arm |       |       |       |   502 ||   502
Dodge: Dodged            |    67 |   153 |   285 |   599 ||  1104
       Rpst.: Falchion   |       |    38 |    72 |   162 ||   272

Table legend:
 A = Non-vault XP
 B = Vault XP
 C = Vault XP percentage of total XP
 D = Non-vault monster count
 E = Vault monster count
 F = Vault count percentage of total count
                 A         B        C        D         E       F
            +---------+---------+-------+---------+---------+-------
      Total |   17208 |    8799 |  33.8 |     286 |      65 |  18.5
            +---------+---------+-------+---------+---------+-------
        D:1 |     125 |       4 |   3.1 |      31 |       4 |  11.4
        D:2 |     106 |       0 |   0.0 |      28 |       0 |   0.0
        D:3 |      82 |      44 |  34.9 |      15 |       4 |  21.1
        D:4 |     224 |     181 |  44.7 |       6 |       9 |  60.0
        D:5 |     283 |     109 |  27.8 |      18 |       2 |  10.0
        D:6 |     399 |       0 |   0.0 |      12 |       0 |   0.0
        D:7 |     656 |     859 |  56.7 |      18 |       6 |  25.0
        D:8 |    1213 |    1326 |  52.2 |      25 |       3 |  10.7
        D:9 |    1915 |      40 |   2.0 |      35 |       1 |   2.8
       D:10 |    4623 |    1176 |  20.3 |      31 |      10 |  24.4
       D:11 |    3968 |    1083 |  21.4 |      29 |      15 |  34.1
       D:12 |     124 |       0 |   0.0 |       1 |       0 |   0.0
     Lair:1 |    1636 |     100 |   5.8 |       6 |       1 |  14.3
      Orc:1 |    1612 |    3744 |  69.9 |      25 |       9 |  26.5
      Orc:2 |     242 |     133 |  35.5 |       6 |       1 |  14.3
            +---------+---------+-------+---------+---------+-------
